 Dungeon Crawl Stone Soup version 0.22.1-2-g9c5b331383 (webtiles) character file.

13195 McIrco the Blocker (level 11, -5/141 HPs)
             Began as a Minotaur Fighter on Jan 5, 2019.
             Was a Priest of Makhleb.
             Slain by an orc warrior
             ... wielding a +0 halberd
             ... led by an orc knight
              (21 damage)
             ... on level 11 of the Dungeon.
             The game lasted 00:21:06 (10358 turns).

McIrco the Blocker (Minotaur Fighter)              Turns: 10358, Time: 00:21:07

Health: -5/141     AC: 25    Str: 24    XL:     11   Next: 72%
Magic:  10/10      EV:  2    Int: 10    God:    Makhleb [***...]
Gold:   836        SH: 14    Dex: 13    Spells: 10/10 levels left

rFire    . . .     SeeInvis .   b - +0 falchion (slice)
rCold    . . .     Gourm    .   c - +0 shield
rNeg     + + +     Faith    .   (armour currently unavailable)
rPois    +         Spirit   .   (helmet currently unavailable)
rElec    .         Reflect  .   (cloak currently unavailable)
rCorr    .         Harm     .   (gloves currently unavailable)
MR       .....     NoTele   +   (boots currently unavailable)
Stlth    +.........             (no amulet)
HPRegen  0.33/turn              i - ring of positive energy
MPRegen  0.12/turn              A - +3 ring of strength

@: brilliant, tree-form
A: (retaliatory headbutt)
a: Minor Destruction, Lesser Servant of Makhleb, Renounce Religion


You were on level 11 of the Dungeon.
You worshipped Makhleb.
Makhleb was most pleased with you.
You were near starving.
You were a tree.
You visited 2 branches of the dungeon, and saw 12 of its levels.

You collected 836 gold pieces.

Inventory:

Hand Weapons
 b - a +0 falchion of slicing (weapon)
Armour
 c - a +0 shield (worn)
 e - a +3 scale mail (melded)
 w - a +0 pair of boots (melded)
 F - a +1 cloak (melded)
Jewellery
 i - a ring of positive energy (left branch)
 A - a +3 ring of strength (right branch)
Wands
 h - a wand of acid (4)
 p - a wand of iceblast (6)
 q - a wand of paralysis (11)
 D - a wand of disintegration (6)
 H - a wand of random effects (28)
Scrolls
 a - a scroll of fear {unknown}
 g - 15 scrolls of identify
 k - 2 scrolls of magic mapping {unknown}
 t - 3 scrolls of remove curse
 u - a scroll of torment {unknown}
 v - 6 scrolls of teleportation
 x - 2 scrolls of noise {unknown}
 B - a scroll of silence {unknown}
 E - 4 scrolls of blinking
Potions
 d - 2 potions of might
 j - 4 potions of curing
 l - a potion of resistance
 m - 2 potions of heal wounds {unknown}
 n - 4 potions of lignification
 o - 2 potions of brilliance
 r - 2 potions of flight {unknown}
 s - a potion of berserk rage {unknown}
 z - 2 potions of haste {unknown}
 C - 2 potions of degeneration {unknown}
 I - 2 potions of mutation {unknown}
Comestibles
 f - 20 rations


   Skills:
 + Level 8.1 Fighting
 + Level 11.4 Long Blades
 + Level 9.4 Armour
 + Level 6.5 Dodging
 * Level 14.3 Shields


You had 10 spell levels left.
You didn't know any spells.
Your spell library contained the following spells:

 Spells                   Type           Power        Failure   Level  Hunger
 Beastly Appendage        Tmut           #.....       4%          1    ##.....
 Confusing Touch          Hex            #.....       4%          1    ##.....
 Corona                   Hex            #......      4%          1    ##.....
 Magic Dart               Conj           #...         4%          1    ##.....
 Sandblast                Erth           #.....       4%          1    ##.....
 Shock                    Conj/Air       #...         4%          1    ##.....
 Ensorcelled Hibernation  Hex/Ice        #.....       7%          2    ###....
 Passwall                 Tmut/Erth      #.......     7%          2    ###....
 Searing Ray              Conj           #.....       7%          2    ###....
 Sticks to Snakes         Tmut           #.......     7%          2    ###....
 Swiftness                Chrm/Air       #.......     7%          2    ###....
 Confuse                  Hex            #.......     13%         3    ####...
 Dazzling Spray           Conj/Hex       #.....       13%         3    ####...
 Gell's Gravitas          Tloc           #.........   13%         3    ####...
 Spider Form              Tmut/Pois      #.........   13%         3    ####...
 Static Discharge         Conj/Air       #.......     13%         3    ####...
 Stone Arrow              Conj/Erth      #.....       13%         3    ####...
 Tukima's Dance           Hex            #.......     13%         3    ####...
 Airstrike                Air            #.........   36%         4    #####..
 Force Lance              Conj/Tloc      #.......     36%         4    #####..
 Fulminant Prism          Conj/Hex       #.........   36%         4    #####..
 Ice Form                 Ice/Tmut       #.......     36%         4    #####..
 Iskenderun's Mystic Bla  Conj           #.......     36%         4    #####..
 Petrify                  Tmut/Erth      #.......     36%         4    #####..
 Blade Hands              Tmut           #.........   67%         5    ######.
 Lee's Rapid Deconstruct  Erth           #.........   67%         5    ######.
 Lightning Bolt           Conj/Air       #.........   67%         5    ######.
 Metabolic Englaciation   Hex/Ice        #.........   67%         5    ######.
 Yara's Violent Unravell  Hex/Tmut       #.........   67%         5    ######.


Dungeon Overview and Level Annotations

Branches:
Dungeon (11/15)            Temple (1/1) D:7            Lair (0/6) D:9
    Orc: D:9-12

Altars:
Ashenzari
Cheibriados
Dithmenos
Elyvilon
Fedhas
Gozag
Hepliaklqana
Kikubaaqudgha
Makhleb
Nemelex Xobeh
Okawaru
Qazlal
Ru
Sif Muna
Trog
Uskayaw
Vehumet
Wu Jian
Xom
Yredelemnul
Zin
The Shining One

Shops:
D:4 }:   D:5 (!((


Innate Abilities, Weirdness & Mutations

((You reflexively headbutt those who attack you in melee.))
((You have a pair of horns on your head.))


Message History

You hit the orc wizard.
The orc wizard is moderately wounded.
Your hellwing hits the orc wizard! Your hellwing hits the orc wizard.
The orc wizard dies!
Makhleb accepts your kill.
The orc warrior hits you from afar with a halberd!
* * * LOW HITPOINT WARNING * * *
It was a potion of curing.
You feel better. The orc knight hits you with a war axe.
* * * LOW HITPOINT WARNING * * *
It was a potion of lignification.
You turn into a tree.
Your +1 cloak melds into your body.
Your +0 pair of boots melds into your body.
Your +3 scale mail melds into your body.
Your roots penetrate the ground.
You block the orc warrior's attack. You block the orc knight's attack.
It was a potion of brilliance.
You feel clever all of a sudden.
The orc warrior hits you from afar with a halberd!!
You die...

..........# #<#.#.# #.#
..##......# #.#.#.# #.#
####......######.#.#.#
#.# # #.................#
#.# #
#......######.##..#####.#
#
#......#.........>..[...#
#
#......#.####.###.##....#
# #......# #4# #..+....#
# #......# #♣# ####....#
######.##.# #o# ##.###
.......##.# #o# #..
#########.# #o# #... #.#
#.# #... #.# ... #.# ###
#.# #.#


You could see an orc knight, an orc warrior, an orc and a friendly hellwing.

Vanquished Creatures
  Harold (D:8)
  A two-headed ogre (D:10)
  An unseen horror (D:11)
  An ugly thing (D:11)
  Maurice (D:8)
  A centaur zombie (D:10)
  Joseph (D:8)
  3 trolls
  Prince Ribbit (D:7)
  A meliai zombie (D:11)
  2 hippogriffs
  13 yaks
  A vampire (D:9)
  2 hogs (D:8)
  A human (D:8)
  Menkaure (D:5)
  A hungry ghost (D:10)
  3 orc warriors
  2 water moccasins
  An ice beast (D:10)
  3 sky beasts
  4 black bears
  An eye of draining (D:10)
  A phantom (D:8)
  5 ogres
  2 centaurs
  2 crocodiles
  2 big kobolds
  8 bullfrogs
  A wyvern zombie (D:9)
  4 scorpions
  11 killer bees
  A howler monkey (D:8)
  10 crimson imps
  2 quasits
  2 hounds
  4 jellies
  4 orc priests
  12 orc wizards
  3 bullfrog skeletons
  2 centaur skeletons
  Crazy Yiuf (D:3)
  9 iguanas
  10 worker ants
  A killer bee zombie (D:7)
  2 hound zombies
  5 hound skeletons
  2 howler monkey skeletons
  12 adders
  A shadow imp (D:8)
  An adder zombie (D:9)
  2 adder skeletons
  3 worms
  2 dart slugs
  4 leopard geckos
  39 orcs
  6 bats
  3 giant cockroaches
  6 goblins
  8 hobgoblins
  13 jackals
  6 quokkas
  A ball python (D:2)
  7 frilled lizards
  A jackal skeleton (D:5)
  17 kobolds
  A quokka skeleton (D:5)
  A quokka zombie (D:5)
  6 rats
293 creatures vanquished.

Vanquished Creatures (collateral kills)
  An orc wizard (D:11)
1 creature vanquished.

Vanquished Creatures (others)
  A wizard (D:4)
1 creature vanquished.

Grand Total: 295 creatures vanquished

Notes
Turn   | Place    | Note
-------+----------+-------------------------------------------
     0 | D:1      | McIrco the Minotaur Fighter began the quest for the Orb.
     0 | D:1      | Reached XP level 1. HP: 19/19 MP: 0/0
   187 | D:1      | Reached skill level 4 in Shields
   187 | D:1      | Reached XP level 2. HP: 27/27 MP: 1/1
   692 | D:2      | Reached XP level 3. HP: 29/33 MP: 2/2
  1116 | D:3      | Reached skill level 5 in Shields
  1116 | D:3      | Reached XP level 4. HP: 31/40 MP: 3/3
  1184 | D:3      | Reached skill level 1 in Dodging
  1521 | D:3      | Reached XP level 5. HP: 44/46 MP: 4/4
  1704 | D:3      | Found a runed door.
  1708 | D:3      | Noticed Crazy Yiuf
  1713 | D:3      | Killed Crazy Yiuf
  1983 | D:4      | Reached skill level 6 in Shields
  2074 | D:4      | Reached XP level 6. HP: 32/53 MP: 5/5
  2295 | D:4      | Found a sacrificial altar of Ru.
  2298 | D:4      | Found a shimmering altar of Xom.
  2301 | D:4      | Found a radiant altar of Vehumet.
  2395 | D:4      | Found Fiuguav's Gadget Shoppe.
  2513 | D:4      | Found Jasos's Book Emporium.
  2709 | D:4      | Found a bloodstained altar of Trog.
  2710 | D:4      | Noticed a wizard
  2715 | D:4      | Killed a wizard
  2773 | D:5      | Entered Level 5 of the Dungeon
  2791 | D:5      | Found Dies's Distillery.
  2832 | D:5      | Found Acsobu's Antique Weapon Shop.
  2860 | D:5      | Reached XP level 7. HP: 49/60 MP: 6/6
  2936 | D:5      | Reached skill level 7 in Shields
  2955 | D:5      | Noticed Menkaure
  2961 | D:5      | Killed Menkaure
  2961 | D:5      | Reached skill level 5 in Long Blades
  2961 | D:5      | Reached skill level 5 in Armour
  3015 | D:5      | Found Seel's Weapon Boutique.
  3329 | D:5      | Found Xedghisk's Antique Weapon Boutique.
  3517 | D:6      | Reached skill level 5 in Fighting
  3579 | D:6      | Reached XP level 8. HP: 17/68 MP: 7/7
  3833 | D:6      | Reached skill level 8 in Shields
  3902 | D:6      | Found a shattered altar of Ashenzari.
  4189 | D:6      | Found a burning altar of Makhleb.
  4415 | D:6      | Found a snail-covered altar of Cheibriados.
  4415 | D:6      | Found a deep blue altar of Sif Muna.
  4598 | D:6      | Found an opulent altar of Gozag.
  4751 | D:6      | Reached skill level 9 in Shields
  4956 | D:7      | Reached XP level 9. HP: 61/75 MP: 8/8
  5085 | D:7      | Found a staircase to the Ecumenical Temple.
  5121 | Temple   | Entered the Ecumenical Temple
  5329 | Temple   | Became a worshipper of Makhleb the Destroyer
  5352 | D:7      | Noticed Prince Ribbit
  5376 | D:7      | Killed Prince Ribbit
  5572 | D:7      | Reached skill level 10 in Shields
  6574 | D:8      | Noticed Maurice
  6585 | D:8      | Noticed Joseph
  6602 | D:8      | Killed Joseph
  6602 | D:8      | Reached skill level 11 in Shields
  6606 | D:8      | Killed Maurice
  6606 | D:8      | Reached XP level 10. HP: 20/84 MP: 9/9
  6775 | D:8      | Found an opulent altar of Gozag.
  6800 | D:8      | Reached * piety under Makhleb
  7247 | D:8      | Noticed Harold
  7283 | D:8      | Killed Harold
  7283 | D:8      | Reached skill level 5 in Dodging
  7283 | D:8      | Reached skill level 12 in Shields
  7776 | D:9      | Found a staircase to the Lair.
  7918 | D:9      | Reached skill level 10 in Long Blades
  7958 | D:9      | Reached ** piety under Makhleb
  8228 | D:9      | Found an ancient bone altar of Kikubaaqudgha.
  9123 | D:10     | Entered Level 10 of the Dungeon
  9249 | D:10     | Reached XP level 11. HP: 90/92 MP: 10/10
  9319 | D:10     | Reached skill level 13 in Shields
  9417 | D:10     | Noticed a two-headed ogre
  9427 | D:10     | Killed a two-headed ogre
  9776 | D:11     | Reached *** piety under Makhleb
  9820 | D:11     | Noticed a green ugly thing
  9840 | D:11     | Killed a green ugly thing
  9882 | D:11     | Killed an unseen horror
  9882 | D:11     | Reached skill level 14 in Shields
 10329 | D:11     | Noticed an orc knight
 10355 | D:11     | HP: 3/94 [orc warrior/halberd[an orc knight] (12)]
 10358 | D:11     | Slain by an orc warrior

Skill      XL: |  1  2  3  4  5  6  7  8  9 10 11 |
---------------+----------------------------------+-----
Shields        | 4 5 6 7 9 11 12 14 | 14.3
Fighting       | 4 5 6 7 8 |  8.1
Armour         | 4 5 7 8 9 |  9.4
Long Blades    | 3 4 5 7 9 10 11 | 11.4
Dodging        | 1 2 3 4 5 6 |  6.5

Action                   |  1- 3 |  4- 6 |  7- 9 | 10-12 || total
-------------------------+-------+-------+-------+-------++-------
Melee: Long sword        |    96 |    42 |       |       ||   138
       Headbutt          |    12 |    26 |    91 |   193 ||   322
       Falchion          |       |   112 |   388 |   578 ||  1078
Invok: Lesser Servant of |       |       |       |     1 ||     1
  Use: Scroll            |       |     4 |       |       ||     4
       Potion            |       |       |     1 |     3 ||     4
  Eat: Chunk             |       |     6 |     5 |    13 ||    24
       Ration            |       |       |     2 |       ||     2
Armor: Scale mail        |    42 |    95 |   150 |   137 ||   424
Dodge: Dodged            |    34 |    69 |   126 |   208 ||   437
Block: Shield            |    52 |   106 |   194 |   328 ||   680
       Rpst.: Long sword |     9 |     4 |       |       ||    13
       Falchion          |       |     9 |    33 |    52 ||    94
